 Dungeon Crawl Stone Soup version 0.29.1-2-gbd0b4ee654 (webtiles) character file.

Game seed: 478257394338491123

1417 hawla the Cleaver (level 9, -4/64 HPs)
             Began as a Meteoran Ice Elementalist on Oct 29, 2022.
             Slain by a black bear (5 damage)
             ... on level 5 of the Dungeon.
             The game lasted 00:09:16 (2560 turns).

hawla the Cleaver (Meteoran Ice Elementalist)       Turns: 2560, Time: 00:09:18

Health: -4/64      AC: -4    Str: 13    XL:     9   Next: 22%
Magic:  4/15       EV: 12    Int: 22    God:
Gold:   309        SH:  5    Dex: 14    Spells: 7/15 levels left

rFire   . . .      SeeInvis .   o - +4 broad axe "Boqoduil" {vorpal, *Rage rPois rN+ Str+3}
rCold   . . .      Faith    .   (no shield)
rNeg    + . .      Spirit   .   a - +1 robe
rPois   +          Reflect  +   (no helmet)
rElec   .          Harm     .   (no cloak)
rCorr   .          Rampage  .   (no gloves)
Will    ++...      Rage     20% c - +0 pair of boots
Stlth   +.........              j - amulet of reflection
HPRegen 0.20/turn               e - ring of willpower
MPRegen 0.14/turn               (no ring)

@: corroded, freezing walls, very slightly contaminated, glowing
A: sense surroundings 2, otherworldly, glowing, explore regen
a: no special abilities


You were on level 5 of the Dungeon.
You visited 1 branch of the dungeon, and saw 5 of its levels.

You collected 309 gold pieces.

Inventory:

Hand Weapons
 o - the +4 broad axe "Boqoduil" (weapon) {vorpal, *Rage rPois rN+ Str+3}
   (You found it on level 3 of the Dungeon)

   It inflicts extra damage upon your enemies.
   Str:       It affects your strength (+3).
   rPois:     It protects you from poison.
   rN:        It protects you from negative energy.
   *Rage:     It berserks you when you make melee attacks (+20% chance).
Armour
 a - a +1 robe (worn)
 c - a +0 pair of boots (worn)
Jewellery
 e - a ring of willpower (left hand)
 j - an amulet of reflection (around neck)
Wands
 d - a wand of roots (14) (quivered)
Scrolls
 b - 2 scrolls of silence
 f - a scroll of amnesia
 l - 2 scrolls of poison {unknown}
 m - a scroll of blinking {unknown}
 n - 3 scrolls of identify {unknown}
 p - 5 scrolls of fear {unknown}
Potions
 g - a potion of haste {unknown}
 i - a potion of resistance {unknown}
 k - a potion of might {unknown}


   Skills:
 + Level 1.1 Fighting
 + Level 14.9 Axes
 + Level 2.5 Dodging
 - Level 1.4 Stealth
 + Level 3.5 Spellcasting
 + Level 3.0 Conjurations
 + Level 9.1 Ice Magic


You had 7 spell levels left.
You knew the following spells:

 Your Spells              Type           Power      Damage    Failure   Level
a - Freeze                Ice            100%       1d11      1%          1
b - Frozen Ramparts       Ice            88%        1d14      1%          3
c - Hailstorm             Conj/Ice       30%        3d8       10%         4

Your spell library contained the following spells:

 Spells                   Type           Power      Damage    Failure   Level
 Ozocubu's Armour         Ice            44%        N/A       1%          3
 Sublimation of Blood     Necr           3%         N/A       19%         2
 Petrify                  Tmut/Erth      3%         N/A       75%         4
 Irradiate                Conj/Tmut      5%         3d13      87%         5


Dungeon Overview and Level Annotations

Branches:
Dungeon (5/15) Zot: 374
 Temple: D:4-7

Altars:


Innate Abilities, Weirdness & Mutations

You passively map the area around you.
You are easily found by Zot.
You glow in the dark.
You regain HP and MP as you explore.


Message History

Casting: Freeze (safe; 1% risk of failure)
Confirm with . or Enter, or press ? or * to list all spells.
Casting: Frozen Ramparts (safe; 1% risk of failure)
Press: ? - help, Dir - look around, f - activate The walls around you are covered in ice.
Casting: Frozen Ramparts (safe; 1% risk of failure)
Confirm with . or Enter, or press ? or * to list all spells.
Casting: Hailstorm (dangerous; 11% risk of failure)
Press: ? - help, Dir - look around, f - activate You miscast Hailstorm.
You are very lightly contaminated with residual magic.
Nothing appears to happen.
You closely miss the black bear.
An adder comes into view.
The black bear bites you.
* * * LOW HITPOINT WARNING * * *
The black bear claws you.
* * * LOW HITPOINT WARNING * * *
The black bear barely misses you.
You hit the black bear.
The black bear is lightly wounded.
The black bear bites you.
* * * LOW HITPOINT WARNING * * *
The black bear barely misses you. The black bear closely misses you. x2
The black bear claws you.
* * * LOW HITPOINT WARNING * * *
The black bear claws you.
* * * LOW HITPOINT WARNING * * *
Unknown command.
It was a potion of experience.
You feel more experienced!
Your Axes skill gained 14 levels and is now at level 14!
You have reached level 9!
Your experience leads to an increase in your attributes!
Your base attributes are Str 9, Int 20, Dex 14.
Increase (S)trength, (I)ntelligence, or (D)exterity?
You feel clever. x2; You feel stronger.
Your attunement to dungeon structure grows.
The black bear bites you.
You die...

#### *####### * #..#
.......,, ,
#..####....... , ,
#####.#.#........ , ,
#....#.#.@h.S....⌠
#####.###.#.#........,
,
#...#.##..####.......
, , #......#..# *
.......,,, , ,
#...####### ####### *
* # ##.## , ,, # #.#
*, ####### ####.# ..
....... #....# * * #.#
#......


You could see a black bear and an adder.

Vanquished Creatures
  Eustachio (D:4)
  Pargi (D:3)
  A black bear (D:5)
  2 ogres (D:5)
  A hound (D:4)
  2 jellies (D:5)
  An orc wizard (D:4)
  6 adders
  2 worms
  3 dart slugs
  6 orcs
  7 endoplasms
  2 giant cockroaches
  8 goblins
  3 hobgoblins
  3 jackals (D:3)
  A quokka (D:3)
  4 ball pythons
  3 bats
  4 frilled lizards (D:1)
  5 kobolds
  A rat (D:2)
67 creatures vanquished.

Notes
Turn   | Place    | Note
-------+----------+-------------------------------------------
     0 | D:1      | hawla the Meteoran Ice Elementalist began the quest for the
                  | Orb.
     0 | D:1      | Reached XP level 1. HP: 14/14 MP: 5/5
    84 | D:1      | Reached XP level 2. HP: 20/20 MP: 3/6
   257 | D:1      | Reached skill level 5 in Ice Magic
   279 | D:1      | Reached XP level 3. HP: 22/26 MP: 4/8
   315 | D:1      | Learned a level 3 spell: Frozen Ramparts
   500 | D:1      | Glimpsed the power of Zot.
   771 | D:2      | Identified the +6 dagger of the Past {pain, rF- rCorr
                  | Dex+5}
  1059 | D:2      | Reached XP level 4. HP: 27/33 MP: 1/10
  1100 | D:2      | Glimpsed the power of Zot.
  1168 | D:3      | Reached skill level 1 in Fighting
  1230 | D:3      | Learned a level 4 spell: Hailstorm
  1483 | D:3      | Reached XP level 5. HP: 25/40 MP: 0/11
  1490 | D:3      | Identified the +4 broad axe "Boqoduil" {vorpal, *Rage rPois
                  | rN+ Str+3}
  1524 | D:3      | Noticed Pargi
  1532 | D:3      | Killed Pargi
  1533 | D:3      | Reached skill level 1 in Conjurations
  1533 | D:3      | Reached XP level 6. HP: 26/47 MP: 0/12
  1701 | D:3      | Glimpsed the power of Zot.
  1748 | D:3      | Glimpsed the power of Zot.
  1802 | D:4      | HP: 3/70 [hound (2)]
  2128 | D:4      | Noticed Eustachio
  2152 | D:4      | Killed Eustachio
  2153 | D:4      | Reached XP level 7. HP: 48/52 MP: 4/13
  2261 | D:4      | Glimpsed the power of Zot.
  2283 | D:5      | Entered Level 5 of the Dungeon
  2405 | D:5      | Reached XP level 8. HP: 59/59 MP: 5/14
  2559 | D:5      | HP: 1/59 [black bear (3)]
  2560 | D:5      | Reached skill level 14 in Axes
  2560 | D:5      | Gained mutation: You passively map the area around you.
                  | [Meteoran growth]
  2560 | D:5      | Reached XP level 9. HP: 1/64 MP: 4/15
  2560 | D:5      | Slain by a black bear

Illustrated notes

Levels and vault maps discovered:
D:1:      wheals_arrival_shading, layout_basic, minmay_unequal
D:2:      layout_basic
D:3:      layout_basic, minmay_checkerbox, uniq_pargi
D:4:      layout_basic, uniq_eustachio
D:5:      nicolae_cairo_tiling_large_dashed, layout_loops_ring,
          wad_rectangle_vault

Skill      XL: |  1  2  3  4  5  6  7  8 |
---------------+-------------------------+-----
Ice Magic      | 5 6 8 9 |  9.1
Spellcasting   | 3 |  3.5
Fighting       | 1 |  1.1
Conjurations   | 1 2 3 |  3.0
Axes           | 14 | 14.9
Dodging        | |  2.5
Stealth        | |  1.4

Action                   |  1- 3 |  4- 6 |  7- 9 || total
-------------------------+-------+-------+-------++-------
Melee: Unarmed           |     5 |    36 |       ||    41
       Broad axe         |       |    17 |    17 ||    34
 Cast: Freeze            |    24 |    13 |     1 ||    38
       Frozen Ramparts   |     9 |    16 |     1 ||    26
       Hailstorm         |       |     9 |     3 ||    12
  Use: Scroll            |     4 |       |     1 ||     5
       Potion            |       |     6 |     1 ||     7
Armor: Robe              |     1 |    24 |     2 ||    27
       Skin              |       |     2 |       ||     2
Dodge: Dodged            |    11 |    33 |    11 ||    55
Block: Other             |       |       |     1 ||     1
